 Dungeon Crawl Stone Soup version 0.30-a0-629-gd54f4be4f7 (webtiles) character file.

Game seed: 16496249804238275663

17327 kae the Transmogrifier (level 12, -3/91 HPs)
             Began as a Demonspawn Transmuter on Jan 12, 2023.
             Was an Initiate of Ru.
             Slain by a cyclops (16 damage)
             ... on level 11 of the Dungeon.
             The game lasted 00:14:35 (12329 turns).

kae the Transmogrifier (Demonspawn Transmuter)     Turns: 12329, Time: 00:14:36

Health: -3/91      AC: 19    Str: 15    XL:     12   Next: 17%
Magic:  32/32      EV: 10    Int: 24    God:    Ru [......]
Gold:   595        SH:  4    Dex: 13    Spells: 14/26 levels left

rFire   . . .      SeeInvis .      - Unarmed
rCold   + + +      Faith    .    (shield currently unavailable)
rNeg    + . .      Spirit   .    (body armour currently unavailable)
rPois   +          Reflect  .    (helmet currently unavailable)
rElec   .          Harm     .    (cloak currently unavailable)
rCorr   .          Rampage  .    (gloves currently unavailable)
Will    .....                    (boots currently unavailable)
Stlth   +                        (no amulet)
HPRegen 0.35/turn                F - ring "Cuux Aso" {rF+ rN+ MP+9 Str+4 Int+4}
MPRegen 0.23/turn                O - +4 ring of protection

@: ice-form, wereblooded
A: freezing attack, amphibious, boosted hp, large, (claws 2), (icy blue scales
1), icemail 1, powered by death 1, condensation shield
a: End Transformation, Renounce Religion, Sacrifice an Eye, Sacrifice Arcana,
Sacrifice Courage, Reject Sacrifices


You were on level 11 of the Dungeon.
You worshipped Ru.
Ru was noncommittal.
You were a creature of crystalline ice.
You visited 2 branches of the dungeon, and saw 12 of its levels.

You collected 595 gold pieces.


Innate Abilities, Weirdness & Mutations

You are a creature of crystalline ice.
You have a powerful freezing melee attack.
You are amphibious.
Your maximum health is increased.
Your armour is entirely melded.
You are incapable of wielding weapons or throwing items.
((You have very sharp fingernails.))
((You are partially covered in icy blue scales. (AC +2)))
A meltable icy envelope protects you from harm. (AC +4)
You regenerate a little health from kills.
A meltable shield of frost defends you. (SH +4)


   Skills:
 - Level 1.0 Fighting
 - Level 1.7 Dodging
 + Level 8.2 Unarmed Combat
 + Level 7.9 Spellcasting
 * Level 11.1 Transmutations
 * Level 10.3 Ice Magic
 - Level 1.6 Poison Magic


You had 14 spell levels left.
You knew the following spells:

 Your Spells              Type           Power      Damage    Failure   Level
a - Beastly Appendage     Tmut           100%       N/A       1%          1
b - Wereblood             Tmut           58%        N/A       1%          2
c - Spider Form           Tmut/Pois      40%        N/A       1%          3
d - Ice Form              Ice/Tmut       57%        N/A       1%          4
e - Passwall              Tmut/Erth      30%        N/A       1%          2

Your spell library contained the following spells:

 Spells                   Type           Power      Damage    Failure   Level
 Apportation              Tloc           18%        N/A       7%          1
 Necrotise                Necr           36%        1d5       7%          1
 Sandblast                Erth           18%        2d7       7%          1
 Summon Small Mammal      Summ           36%        N/A       7%          1
 Call Canine Familiar     Summ           9%         N/A       21%         3
 Portal Projectile        Hex/Tloc       18%        N/A       21%         3
 Stone Arrow              Conj/Erth      18%        3d8       21%         3
 Summon Guardian Golem    Hex/Summ       9%         N/A       21%         3
 Airstrike                Air            4%         2d(1-17)  54%         4
 Leda's Liquefaction      Hex/Erth       4%         N/A       54%         4
 Summon Lightning Spire   Summ/Air       9%         N/A       54%         4
 Lightning Bolt           Conj/Air       4%         1d16      88%         5

Inventory:

Missiles
 d - 117 stones
 j - 7 curare-tipped darts {=f}
 q - 28 poisoned darts
 r - 17 boomerangs
 s - 3 throwing nets {=f!f}
Armour
 a - a +0 robe
 y - the +0 leather armour of the Blessed Realm (melded) {rElec rN+ Str-5 Int+4}
   (You found it on level 5 of the Dungeon)

   Str:       It affects your strength (-5).
   Int:       It affects your intelligence (+4).
   rElec:     It insulates you from electricity.
   rN:        It protects you from negative energy.
 E - a +0 cloak of stealth (melded)
   (You took it off Crazy Yiuf on level 7 of the Dungeon)
Magical Staves
 o - a staff of air {!a}
   (You found it on level 3 of the Dungeon)
 v - a staff of poison {!a}
   (You found it on level 10 of the Dungeon)
 x - a staff of cold {!a}
   (You found it on level 5 of the Dungeon)
Jewellery
 c - a ring of ice
   (You took it off Fannar on level 10 of the Dungeon)
 C - a ring of ice
   (You found it on level 7 of the Dungeon)
 F - the ring "Cuux Aso" (left front paw) {rF+ rN+ MP+9 Str+4 Int+4}
   (You acquired it on level 9 of the Dungeon)

   [ring of magical power]

   Str:       It affects your strength (+4).
   Int:       It affects your intelligence (+4).
   rF:        It protects you from fire.
   rN:        It protects you from negative energy.
   MP:        It affects your magic capacity (+9).
 O - a +4 ring of protection (right front paw)
   (You found it on level 8 of the Dungeon)
 S - a +6 ring of strength
   (You found it on level 4 of the Dungeon)
 Z - a ring of wizardry
   (You found it on level 8 of the Dungeon)
Wands
 n - a wand of flame (29)
   (You found it on level 8 of the Dungeon)
 u - a wand of polymorph (7)
   (You found it on level 6 of the Dungeon)
Scrolls
 e - a scroll of silence {!r}
 f - 5 scrolls of poison {!r}
 k - 2 scrolls of enchant weapon
 l - 3 scrolls of teleportation {@r4}
 m - a scroll of fog
 p - a scroll of immolation {!r!r}
 w - a scroll of butterflies
 A - a scroll of magic mapping {!r}
 D - a scroll of torment {!r}
 K - 3 scrolls of identify {@r1}
Potions
 b - 3 potions of lignification {!q}
 g - 2 potions of mutation {!q}
 h - 5 potions of might
 i - 7 potions of curing {@q1}
 t - 2 potions of flight
 z - a potion of brilliance
 B - 3 potions of haste {@q3}
 G - 2 potions of resistance
 I - a potion of attraction {!q}
 J - a potion of heal wounds {@q2}

Dungeon Overview and Level Annotations

Branches:
Dungeon (11/15) Zot: 25890  Temple (1/1) D:7 Zot: 5818    Lair (0/5) D:9
    Orc: D:9-12

Altars:
Ashenzari
Cheibriados
Dithmenos
Fedhas
Gozag
Hepliaklqana
Kikubaaqudgha
Makhleb
Nemelex Xobeh
Okawaru
Qazlal
Ru
Sif Muna
Trog
Uskayaw
Vehumet
Wu Jian
Xom
Yredelemnul

Shops:
D:4 =

Annotations:
D:10 Snorg

####............#########........
#.............................
#.............................
#..###########################
#..# ♣..♣♣ ♣♣..... #..#
♣..♣♣♣#♣♣♣♣..PPP. #..# ♣
♣♣.†♣........P~P. #..#
♣♣..♣.♣♣♣♣..♣#♣♣♣♣..PPP. #..#
......CY.....# ♣♣..... #..#
#####.######## ###<## #..# .. ###
#..# ..# #..# .♣ #..# ##.# #.#
##.#


You could see a cyclops.


Message History

* * * LOW HITPOINT WARNING * * *
The gnoll sergeant hits you but does no damage. 😨 HP[-7]
You take 7 damage, and now have 33/91 hp.
You hit the freezing wraith. The freezing wraith hits you.
* * * LOW HITPOINT WARNING * * *
The freezing wraith freezes you. You resist.
* * * LOW HITPOINT WARNING * * *
The freezing wraith hits you but does no damage.
The gnoll sergeant misses you. 😨 HP[-6]
You take 6 damage, and now have 27/91 hp.
Unknown command.
You pummel the freezing wraith!!
You feel a bit better.
You destroy the freezing wraith!
The gnoll sergeant hits you but does no damage. 😨 HP[+2]
You regained 2 hp, and now have 29/91 hp.
Okay, then. 😨 HP[+2]
You regained 2 hp, and now have 31/91 hp.
You are confused.
You feel invigorated.
You howl as the wereblood boils in your veins!
The gnoll sergeant misses you. 😨 HP[+5]
You regained 5 hp, and now have 36/91 hp.
You howl as the wereblood boils in your veins!
The gnoll sergeant hits you but does no damage. 😨 HP[+5]
You regained 5 hp, and now have 41/91 hp.
Your primal bloodlust has ended.
The gnoll sergeant hits you from afar with a +2 spear of venom!
* * * LOW HITPOINT WARNING * * *
😨 HP[-7]
You take 7 damage, and now have 34/91 hp.
The gnoll sergeant hits you but does no damage. 😨 HP[+5]
You regained 5 hp, and now have 39/91 hp.
Unknown command.
The gnoll sergeant hits you but does no damage. 😨 HP[+4]
You regained 4 hp, and now have 43/91 hp.
The gnoll sergeant hits you from afar with a +2 spear of venom!
* * * LOW HITPOINT WARNING * * *
😨 HP[-3]
You take 3 damage, and now have 40/91 hp.
You feel less invigorated.
You feel less confused.
You block the gnoll sergeant's attack. 😨 HP[+5]
You regained 5 hp, and now have 45/91 hp.
Casting: Wereblood (safe; 1% risk of failure)
Confirm with . or Enter, or press ? or * to list all spells.
Your blood is infused with primal strength.
The gnoll sergeant hits you but does no damage.
You are poisoned.
You feel very sick.
You block the gnoll sergeant's attack. 😨 HP[-2] MP[-2]
You take 2 damage, and now have 43/91 hp.
You lost 2 mp, and now have 30/32 mp.
You feel sick.
The gnoll sergeant barely misses you. 😨 HP[-2]
You take 2 damage, and now have 41/91 hp.
You hit the gnoll sergeant but do no damage.
You feel sick.
The gnoll sergeant hits you with a +2 spear of venom.
* * * LOW HITPOINT WARNING * * *
😨 HP[-1]
You take 1 damage, and now have 40/91 hp.
You punch the gnoll sergeant! You freeze the gnoll sergeant!
You feel a bit better.
You kill the gnoll sergeant!
You feel sick.
The cyclops throws a large rock.
The large rock hits you!!
* * * LOW HITPOINT WARNING * * *
😱 HP[-20] MP[+1]
You take 20 damage, and now have 20/91 hp.
MASSIVE DAMAGE!! (PAUSE)
You feel sick.
Items here: ))) [ †††. 😱 HP[-1]
You take 1 damage, and now have 19/91 hp.
You punch the cyclops! You freeze the cyclops.
You feel sick. The cyclops hits you.
* * * LOW HITPOINT WARNING * * *
😱 HP[-3]
You take 3 damage, and now have 16/91 hp.
Unknown command.
You punch the cyclops! You freeze the cyclops.
You feel sick.
The cyclops hits you but does no damage. 😱 HP[-1]
You take 1 damage, and now have 15/91 hp.
You hit the cyclops. You freeze the cyclops.
You feel sick. 😱 HP[-1]
You take 1 damage, and now have 14/91 hp.
You punch the cyclops! You freeze the cyclops.
You feel sick.
You are no longer poisoned.
The cyclops hits you!
You die...

Skill      XL: |  1  2  3  4  5  6  7  8  9 10 11 12 |
---------------+-------------------------------------+-----
Transmutations | 2 3 4 5 6 8 9 10 11 | 11.1
Unarmed Combat | 3 4 5 6 7 8 |  8.2
Poison Magic   | 1 |  1.6
Spellcasting   | 3 4 5 6 7 |  7.9
Ice Magic      | 2 3 5 6 8 10 | 10.3
Fighting       | |  1.0
Dodging        | |  1.7

Action                   |  1- 3 |  4- 6 |  7- 9 | 10-12 || total
-------------------------+-------+-------+-------+-------++-------
Melee: Unarmed           |    34 |   189 |   337 |   415 ||   975
       Kick              |    11 |     6 |       |       ||    17
       Headbutt          |     6 |     4 |       |       ||    10
       Punch             |       |     1 |     4 |       ||     5
 Cast: Beastly Appendage |    13 |     6 |       |       ||    19
       Spider Form       |     1 |    23 |    13 |       ||    37
       Wereblood         |       |     2 |     7 |    15 ||    24
       Ice Form          |       |     1 |    28 |    26 ||    55
 Abil: End Transformatio |       |     1 |       |       ||     1
Evoke: Wand              |       |       |       |     2 ||     2
  Use: Scroll            |     4 |     9 |     9 |     4 ||    26
       Potion            |       |     1 |     1 |     3 ||     5
Armor: Robe              |     5 |    15 |       |       ||    20
       Skin              |       |     6 |   113 |   232 ||   351
       Leather armour    |       |       |       |     1 ||     1
Dodge: Dodged            |    16 |   118 |   136 |   156 ||   426
Block: Other             |     4 |    25 |    48 |    64 ||   141

Levels and vault maps discovered:
D:1:      roderic_octagonal_star, layout_basic
D:2:      layout_rooms, uniq_natasha, uniq_jessica, uniq_robin
D:3:      layout_basic, grunt_temple_overflow_magic_moments,
          nicolae_wu_jian_immortal_techniques,
          dilly_ecumenical_altar_fadedgnrine
D:4:      layout_loops_cross, serial_shops, shop
D:5:      wad_lake_hut, layout_loops_ring, nzn_hepliaklqana_mist_gate,
          zin_angel, chequers_avenue, uniq_menkaure
D:6:      layout_basic
D:7:      statuecave_lemuel, layout_basic, minmay_temple_entry_enclosed_plants,
          grunt_ogre_cave, uniq_crazy_yiuf_cottage
D:8:      kennysheep_housing_project, layout_loops_ring
D:9:      layout_cave_pools, mainiacjoe_overflow_alcove_4, david_lair_generic,
          uniq_gastronok
D:10:     lemuel_insect_pit, layout_layer_cave, kennysheep_mini_moat,
          gammafunk_temple_overflow_claw, uniq_snorg, uniq_fannar
D:11:     nzn_winding_woodlands_huge [nzn_winding_woodlands_5x15_pathside_ponds,
          nzn_winding_woodlands_5x15_garden, nzn_winding_woodlands_5x15_pockets,
          nzn_winding_woodlands_5x15_cabin, nzn_winding_woodlands_5x15_sawtooth,
          nzn_winding_woodlands_5x15_twine,
          nzn_winding_woodlands_5x15_sidewinder,
          nzn_winding_woodlands_5x15_lazy_stream,
          nzn_winding_woodlands_5x15_split_checker,
          nzn_winding_woodlands_5x15_default,
          nzn_winding_woodlands_center_garden,
          nzn_winding_woodlands_center_triple_pond,
          nzn_winding_woodlands_15x15_thick_spiral], layout_irregular_city,
          serial_column_ruins, column_ruins_hut, column_ruins_hut,
          column_ruins_columns_dead_end, column_ruins_grid_1,
          column_ruins_open_small_water, column_ruins_open_small,
          column_ruins_columns_T, column_ruins_grid_4, chequers_jeans
Temple:   bh_familiar_temple

Notes
Turn   | Place    | Note
-------+----------+-------------------------------------------
     0 | D:1      | kae the Demonspawn Transmuter began the quest for the Orb.
     0 | D:1      | Reached XP level 1. HP: 15/15 MP: 3/3
     0 | D:1      | magus.rc [v1.11.3]
   155 | D:1      | Reached skill level 2 in Transmutations
   309 | D:1      | Gained mutation: A meltable shield of frost defends you.
                  | (SH +4) [demonic ancestry]
   309 | D:1      | Reached XP level 2. HP: 10/21 MP: 3/5
  1006 | D:2      | You pick up a book of Geomancy and begin reading...
  1006 | D:2      | You add the spells Sandblast, Passwall and Stone Arrow to
                  | your library.
  1009 | D:2      | You pick up a book of Callings and begin reading...
  1009 | D:2      | You add the spells Summon Small Mammal, Call Canine
                  | Familiar and Summon Guardian Golem to your library.
  1022 | D:2      | Learned a level 2 spell: Wereblood
  1070 | D:2      | Noticed Natasha
  1082 | D:2      | Noticed a crimson imp
  1083 | D:2      | Killed Natasha
  1084 | D:2      | Reached skill level 3 in Unarmed Combat
  1084 | D:2      | Reached XP level 3. HP: 18/26 MP: 6/6
  1088 | D:2      | Learned a level 3 spell: Spider Form
  1100 | D:2      | Noticed Natasha
  1108 | D:2      | Killed Natasha
  1109 | D:2      | Gained mutation: You regenerate a little health from kills.
                  | [demonic ancestry]
  1109 | D:2      | Reached XP level 4. HP: 22/32 MP: 0/7
  1221 | D:2      | Reached skill level 3 in Transmutations
  1251 | D:2      | Noticed Robin
  1280 | D:2      | Reached skill level 1 in Poison Magic
  1297 | D:2      | Killed Robin
  1357 | D:2      | Noticed Natasha
  1365 | D:2      | HP: 4/32 [Natasha (7)]
  1369 | D:2      | Killed Natasha
  1733 | D:3      | Found a radiant altar of Vehumet.
  1745 | D:3      | You pick up a book of Cantrips and begin reading...
  1745 | D:3      | You add the spells Necrotise and Apportation to your
                  | library.
  1763 | D:3      | Found an ancient bone altar of Kikubaaqudgha.
  1780 | D:3      | Found a shimmering blue altar of Sif Muna.
  1789 | D:3      | Got Sif Muna's Spellbook of the Wayfarer
  1818 | D:3      | Gained mutation: You are partially covered in icy blue
                  | scales. (AC +2) [demonic ancestry]
  1818 | D:3      | Reached XP level 5. HP: 34/37 MP: 2/9
  1996 | D:3      | Reached skill level 3 in Spellcasting
  2155 | D:3      | You pick up a book of the Hunter and begin reading...
  2155 | D:3      | You add the spells Portal Projectile and Leda's
                  | Liquefaction to your library.
  2294 | D:3      | Found an ornate altar of the Wu Jian Council.
  2349 | D:3      | Found a faded altar of an unknown god.
  2432 | D:4      | HP: 5/37 [gnoll/+0 halberd[a gnoll bouda] (12)]
  2437 | D:4      | Reached skill level 4 in Transmutations
  2437 | D:4      | Reached XP level 6. HP: 10/43 MP: 3/10
  2537 | D:4      | Found Sayb's Jewellery Shoppe.
  2556 | D:4      | Learned a level 4 spell: Ice Form
  2841 | D:4      | HP: 1/43 [acid (10)]
  2843 | D:4      | Reached skill level 1 in Ice Magic
  3272 | D:4      | Reached skill level 4 in Unarmed Combat
  3345 | D:5      | Entered Level 5 of the Dungeon
  3393 | D:5      | Found a hazy altar of Hepliaklqana.
  3527 | D:5      | Noticed an ice beast
  3581 | D:5      | Killed an ice beast
  3582 | D:5      | Reached skill level 2 in Ice Magic
  3582 | D:5      | Gained mutation: You have sharp fingernails. [demonic
                  | ancestry]
  3582 | D:5      | Reached XP level 7. HP: 48/48 MP: 6/12
  3652 | D:5      | You fall into a shaft and drop 3 floors!
  3728 | D:8      | Reached skill level 5 in Transmutations
  3853 | D:8      | Noticed a yak
  3863 | D:8      | Noticed a yak
  3968 | D:8      | Noticed a yak
  4017 | D:8      | Reached skill level 4 in Spellcasting
  4017 | D:8      | Reached skill level 3 in Ice Magic
  4036 | D:8      | Reached XP level 8. HP: 47/54 MP: 14/14
  4632 | D:5      | Identified the +0 leather armour of the Blessed Realm
                  | {rElec rN+ Str-5 Int+4}
  4871 | D:5      | Noticed an angel
  5158 | D:5      | Noticed Menkaure
  5347 | D:5      | Learned a level 2 spell: Passwall
  5393 | D:5      | Killed Menkaure
  5394 | D:5      | Reached skill level 6 in Transmutations
  5394 | D:5      | Reached skill level 4 in Ice Magic
  5474 | D:5      | Reached skill level 5 in Unarmed Combat
  5933 | D:6      | You pick up a book of Storms and begin reading...
  5933 | D:6      | You add the spells Airstrike, Summon Lightning Spire and
                  | Lightning Bolt to your library.
  6337 | D:7      | Reached skill level 5 in Ice Magic
  6435 | D:7      | Gained mutation: A meltable icy envelope protects you from
                  | harm. (AC +4) [demonic ancestry]
  6435 | D:7      | Reached XP level 9. HP: 51/59 MP: 11/16
  6851 | D:7      | Found a staircase to the Ecumenical Temple.
  6883 | D:7      | Reached skill level 5 in Spellcasting
  6912 | Temple   | Entered the Ecumenical Temple
  7156 | D:7      | Reached skill level 7 in Transmutations
  7418 | D:7      | You pick up a book of the Hunter and begin reading...
  7787 | D:7      | Found a runed translucent door.
  7788 | D:7      | Noticed Crazy Yiuf
  7794 | D:7      | Killed Crazy Yiuf
  7801 | D:7      | Identified the +9 hammer "Jun Soen" {protect, *Rage rPois
                  | rCorr Dex+2}
  8283 | D:8      | Reached skill level 6 in Ice Magic
  8294 | D:8      | Reached skill level 6 in Unarmed Combat
  8531 | D:8      | Reached skill level 8 in Transmutations
  8923 | D:9      | Noticed a death yak
  8925 | D:9      | Reached XP level 10. HP: 65/65 MP: 14/18
  8934 | D:9      | Killed a death yak
  8934 | D:9      | Noticed a two-headed ogre
  8935 | D:9      | Reached skill level 6 in Spellcasting
  8935 | D:9      | Reached skill level 7 in Ice Magic
  8957 | D:9      | HP: 7/78 [two-headed ogre/+0 giant spiked club (19)]
  8958 | D:9      | Killed a two-headed ogre
  9027 | D:9      | Found a staircase to the Lair.
  9045 | D:9      | Noticed a manticore
  9266 | D:9      | Noticed Gastronok
  9289 | D:9      | Killed Gastronok
  9290 | D:9      | Reached skill level 9 in Transmutations
  9290 | D:9      | Reached skill level 8 in Ice Magic
  9614 | D:9      | Identified a scroll of acquirement
  9615 | D:9      | Acquired the ring "Cuux Aso" {rF+ rN+ MP+9 Str+4 Int+4}
  9642 | D:9      | a manticore changed into a moth of wrath
  9642 | D:9      | Noticed a moth of wrath
  9649 | D:9      | Killed a moth of wrath
  9650 | D:9      | Reached skill level 7 in Unarmed Combat
  9699 | D:10     | Entered Level 10 of the Dungeon
  9814 | D:10     | Reached XP level 11. HP: 70/70 MP: 21/21
  9899 | D:10     | Identified the +0 chain mail "Ogreodoa" {Rampage Int+2}
  9984 | D:10     | Noticed Snorg
  9999 | D:10     | Found a sacrificial altar of Ru.
 10033 | D:10     | Became a worshipper of Ru the Awakened
 10175 | D:10     | Noticed Fannar
 10180 | D:10     | Noticed a two-headed ogre
 10197 | D:10     | Killed a two-headed ogre
 10206 | D:10     | Reached skill level 7 in Spellcasting
 10240 | D:10     | Killed Fannar
 10354 | D:10     | Found a blossoming altar of Fedhas.
 10354 | D:10     | Found a stormy altar of Qazlal.
 10354 | D:10     | Found a shimmering altar of Xom.
 10370 | D:10     | Reached skill level 10 in Transmutations
 10370 | D:10     | Reached skill level 9 in Ice Magic
 10476 | D:10     | Found a runed translucent door.
 10498 | D:10     | Found a runed translucent door.
 11707 | D:11     | Noticed a two-headed ogre
 11717 | D:11     | Killed a two-headed ogre
 11718 | D:11     | Reached skill level 8 in Unarmed Combat
 12004 | D:11     | Reached skill level 10 in Ice Magic
 12014 | D:11     | Gained mutation: You have very sharp fingernails. [demonic
                  | ancestry]
 12014 | D:11     | Reached XP level 12. HP: 76/76 MP: 23/23
 12284 | D:11     | Noticed a two-headed ogre
 12288 | D:11     | Reached skill level 11 in Transmutations
 12303 | D:11     | Killed a two-headed ogre
 12324 | D:11     | HP: 20/91 [cyclops/large rock (21)]
 12329 | D:11     | HP: 13/91 [poisoned by a gnoll sergeant]
 12329 | D:11     | Slain by a cyclops

Vanquished Creatures
  Gastronok (D:9)
  Fannar (D:10)
  A death yak (D:9)
  4 two-headed ogres
  A moth of wrath (D:9)
  A manticore (D:11)
  A gargoyle (D:11)
  A freezing wraith (D:11)
  2 trolls
  A slime creature (D:11)
  A wyvern (shapeshifter) (D:11)
  31 yaks
  2 wraiths (D:11)
  A basilisk (D:9)
  3 wyverns
  2 vampire mosquitoes
  Menkaure (D:5)
  A water moccasin (D:7)
  2 acid dragons (D:11)
  3 ice beasts
  4 orc warriors
  A sky beast (D:8)
  A black bear (D:9)
  2 ogres
  6 centaurs (D:11)
  3 kobold brigands
  3 gnoll sergeants
  2 bullfrogs (D:8)
  9 scorpions
  11 killer bees
  An electric eel (D:7)
  6 howler monkeys
  4 jellies
  6 orc priests
  12 hounds
  Crazy Yiuf (D:7)
  3 gnoll boudas
  2 iguanas
  Natasha (thrice) (D:2)
  8 orc wizards
  Robin (D:2)
  6 adders
  16 gnolls
  A shadow imp (D:8)
  3 white imps
  2 ufetubi (D:5)
  3 worms
  3 dart slugs
  40 orcs
  8 endoplasms
  6 giant cockroaches
  10 goblins
  9 hobgoblins
  21 kobolds
  4 quokkas
  6 ball pythons
  3 bats
  2 butterflies (D:10)
293 creatures vanquished.

Vanquished Creatures (others)
  3 fungi
  46 plants
49 creatures vanquished.

Grand Total: 342 creatures vanquished

Table legend:
 A = Non-vault XP
 B = Vault XP
 C = Vault XP percentage of total XP
 D = Non-vault monster count
 E = Vault monster count
 F = Vault count percentage of total count
                 A         B        C        D         E       F
            +---------+---------+-------+---------+---------+-------
      Total |   16055 |    8699 |  35.1 |     216 |      75 |  25.8
            +---------+---------+-------+---------+---------+-------
        D:1 |      23 |       0 |   0.0 |      11 |       0 |   0.0
        D:2 |      96 |      71 |  42.5 |      10 |      12 |  54.5
        D:3 |     114 |       0 |   0.0 |      15 |       0 |   0.0
        D:4 |     323 |       0 |   0.0 |      20 |       0 |   0.0
        D:5 |     544 |     172 |  24.0 |      22 |       1 |   4.3
        D:6 |     450 |       0 |   0.0 |       9 |       0 |   0.0
        D:7 |     607 |     161 |  21.0 |      15 |       2 |  11.8
        D:8 |    1868 |     862 |  31.6 |      25 |      30 |  54.5
        D:9 |    2523 |    2828 |  52.8 |      38 |       5 |  11.6
       D:10 |    4953 |    1714 |  25.7 |      25 |      13 |  34.2
       D:11 |    4554 |    2891 |  38.8 |      26 |      12 |  31.6
            +---------+---------+-------+---------+---------+-------

Illustrated notes

Table legend:
 A = Kills in this place as a percentage of kills in entire the game.
 B = Kills by you in this place as a percentage of kills by you in the entire game.
 C = Kills by friends in this place as a percentage of kills by friends in the entire game.
 D = Other kills in this place as a percentage of other kills in the entire game.
 E = Experience gained in this place as a percentage of experience gained in the entire game.
 F = Experience gained in this place divided by the number of levels of this place that you have seen.
                   A       B       C       D       E      F
               +-------+-------+-------+-------+-------+----------------------
         Total | 100.0 | 100.0 |   N/A |   N/A | 100.0 | 2062.8
       Dungeon | 100.0 | 100.0 |   N/A |   N/A | 100.0 | 2250.4
               +-------+-------+-------+-------+-------+----------------------

Table legend: (Time is in decaauts)
 A = Elapsed time spent in this place.
 B = Non-inter-level travel time spent in this place.
 C = Inter-level travel time spent in this place.
 D = Time resting spent in this place.
 E = Time spent auto-exploring this place.
 F = Levels seen in this place.
 G = Mean time per level.
                   A        B        C        D        E       F      G
               +--------+--------+--------+--------+--------+-----+--------+
         Total |  12281 |  11780 |    501 |    484 |   9117 |  12 | 1023.4 |
       Dungeon |  12099 |  11626 |    473 |    484 |   8968 |  11 | 1099.9 |
        Temple |    181 |    154 |     27 |      0 |    149 |   1 |  181.0 |
               +--------+--------+--------+--------+--------+-----+--------+

Top non-repeatable levels by time:
     D:7: 1702 daAuts
     D:5: 1527 daAuts
     D:8: 1493 daAuts
    D:10: 1383 daAuts
    D:11: 1108 daAuts
     D:4: 943 daAuts
     D:1: 933 daAuts
     D:9: 890 daAuts
     D:2: 814 daAuts
     D:3: 661 daAuts
     D:6: 639 daAuts
  Temple: 181 daAuts
